 Dungeon Crawl Stone Soup version 0.31.0-11-ge490571c62 (webtiles) character file.

Game seed: 12374366856630582677

124 qw the Skirmisher (level 4, -2/25 HPs)
             Began as a Deep Elf Hunter on Feb 3, 2024.
             Incinerated by a bombardier beetle (6 damage)
             ... with a burning spray
             ... on level 4 of the Dungeon.
             The game lasted 00:00:37 (2467 turns).

qw the Skirmisher (Deep Elf Hunter)                 Turns: 2467, Time: 00:00:37

Health: -2/25      AC: 10    Str: 10    XL:     4   Next: 81%
Magic:  6/6        EV: 11    Int: 14    God:
Gold:   148        SH:  0    Dex: 18    Spells: 3/3 levels left

rFire   . . .        a - +0 shortbow (freeze)
rCold   . . .        (shield currently unavailable)
rNeg    . . .        e - +0 ring mail
rPois   .            b - +1 hat
rElec   .            (no cloak)
rCorr   .            (no gloves)
SInv    .            (no boots)
Will    .....        (no amulet)
Stlth   +            m - +4 ring of protection
HPRegen 0.24/turn    (no ring)
MPRegen 0.10/turn

%: no passive effects
@: on fire, glowing
A: no striking features
a: no special abilities


You were on level 4 of the Dungeon.
You visited 1 branch of the dungeon, and saw 4 of its levels.

You collected 148 gold pieces.


   Skills:
 - Level 1.5 Fighting
 + Level 8.2 Ranged Weapons
 - Level 2.4 Dodging
 - Level 1.2 Stealth


You had 3 spell levels left.
You didn't know any spells.
Your spell library was empty.

Inventory:

Hand Weapons
 a - a +0 shortbow of freezing (weapon)
Armour
 b - a +1 hat (worn)
 e - a +0 ring mail (worn)
Jewellery
 m - a +4 ring of protection (left hand)
Wands
 j - a wand of roots (4)
Scrolls
 c - a scroll of enchant armour {unknown}
 g - 3 scrolls of identify
 i - a scroll of amnesia {unknown}
Potions
 d - a potion of enlightenment
 f - a potion of curing
 h - 2 potions of haste

Dungeon Overview and Level Annotations

Branches:
Dungeon (4/15)
 Temple: D:4-7

Altars:
Xom


Message History

i - a scroll labelled PEUBLA MAUMIC
Found a stone staircase leading up.
A bombardier beetle comes into view.
You shoot an arrow.
The arrow hits the bombardier beetle but does no damage.
You shoot an arrow. The arrow hits the bombardier beetle.
The arrow freezes the bombardier beetle.
The bombardier beetle is moderately wounded.
The bombardier beetle sprays incendiary fluid at you.
The burning spray hits you.
You are covered in liquid fire!
You shoot an arrow.
The arrow hits the bombardier beetle but does no damage.
The bombardier beetle is lightly wounded.
The liquid fire burns you!
You shoot an arrow. The arrow hits the bombardier beetle.
The arrow freezes the bombardier beetle.
The bombardier beetle is moderately wounded.
The liquid fire burns you!
You shoot an arrow. The arrow hits the bombardier beetle.
The arrow freezes the bombardier beetle.
The bombardier beetle is heavily wounded.
The liquid fire burns you!
You shoot an arrow.
The arrow hits the bombardier beetle but does no damage.
The bombardier beetle is heavily wounded.
The liquid fire burns you!
You shoot an arrow. The arrow hits the bombardier beetle.
The arrow freezes the bombardier beetle.
The bombardier beetle is severely wounded.
The liquid fire burns you!
You shoot an arrow. The arrow hits the bombardier beetle.
The arrow freezes the bombardier beetle.
The bombardier beetle is almost dead.
The liquid fire burns you!
The bombardier beetle bites you but does no damage.
You shoot an arrow.
The arrow barely misses the bombardier beetle.
The liquid fire burns you!
You die...

#.# ## ##....
#..######. .####....
#......... ...#.....
#...####.. #......<.
#.....#### #......#
##..)....## #.....##
##..........
#...B.####...........
#...@.........%....##
......##............###
..... ##.........####..
###. ##.............. #
####..######... #### .


You could see a bombardier beetle.

Vanquished Creatures
  An orc wizard (D:4)
  4 adders
  6 dart slugs
  8 orcs (D:3)
  5 endoplasms
  4 giant cockroaches
  2 goblins
  4 hobgoblins (D:3)
  A quokka (D:2)
  3 bats
  A frilled lizard (D:2)
  3 kobolds
  A rat (D:3)
43 creatures vanquished.

Notes
Turn   | Place    | Note
-------+----------+-------------------------------------------
     0 | D:1      | qw the Deep Elf Hunter began the quest for the Orb.
     0 | D:1      | Reached XP level 1. HP: 12/12 MP: 3/3
     0 | D:1      | 0 ||| qw: Version: 0.3-a-155-g5e7d8dd
     0 | D:1      | 0 ||| qw: Game counter: 3337
     0 | D:1      | 0 ||| qw: Melee chars always use a shield: true
     0 | D:1      | 0 ||| qw: God list: Okawaru
     0 | D:1      | 0 ||| qw: Allow faded altars: false
     0 | D:1      | 0 ||| qw: Do Orc after clearing Dungeon:15 true
     0 | D:1      | 0 ||| qw: Do second Lair branch before Depths: true
     0 | D:1      | 0 ||| qw: Lair rune preference: random
     0 | D:1      | 0 ||| qw: Goals: Normal
     0 | D:1      | 0 ||| PLANNING D:1-11
   498 | D:1      | Reached skill level 6 in Ranged Weapons
   498 | D:1      | Reached XP level 2. HP: 12/16 MP: 4/4
   664 | D:1      | 664 ||| READING 2 scrolls labelled PUCREEPUEM.
   765 | D:1      | 765 ||| READING 2 scrolls labelled FEZALUA BAASYIMUGA.
   765 | D:1      | 765 ||| IDENTIFYING pink potion
   766 | D:1      | 766 ||| READING scroll of identify.
   766 | D:1      | 766 ||| IDENTIFYING bubbling white potion
   767 | D:1      | 767 ||| READING scroll labelled WOOBBEYWKU.
   772 | D:1      | 772 ||| DROPPING scroll of butterflies.
   773 | D:1      | 773 ||| DROPPING scroll of vulnerability.
   881 | D:2      | Found a shimmering altar of Xom.
  1023 | D:2      | Identified the flux talisman of Uhocip {rN+ rCorr}
  1076 | D:2      | Reached XP level 3. HP: 8/20 MP: 5/5
  1319 | D:2      | 1319 ||| UPGRADING to +1 hat.
  1324 | D:2      | 1324 ||| UPGRADING to +0 ring mail.
  1334 | D:2      | 1334 ||| DROPPING +0 leather armour.
  1335 | D:2      | 1335 ||| UPGRADING to +4 ring of protection.
  1336 | D:2      | 1336 ||| READING scroll of identify.
  1336 | D:2      | 1336 ||| IDENTIFYING fuming inky potion
  1337 | D:2      | 1337 ||| READING scroll labelled OFIEDAU ZORI.
  1337 | D:2      | 1337 ||| BRANDING +0 shortbow.
  1338 | D:2      | 1338 ||| READING scroll labelled AFIZUAMENU.
  1339 | D:2      | 1339 ||| DRINKING 2 fizzy amethyst potions.
  1340 | D:2      | 1340 ||| DROPPING potion of lignification.
  1674 | D:3      | Reached skill level 7 in Ranged Weapons
  2061 | D:3      | Reached XP level 4. HP: 25/25 MP: 6/6
  2364 | D:3      | 2364 ||| DROPPING +6 ring of intelligence.
  2365 | D:3      | 2365 ||| READING 4 scrolls of identify.
  2365 | D:3      | 2365 ||| IDENTIFYING grey potion
  2366 | D:3      | 2366 ||| DROPPING potion of degeneration.
  2388 | D:4      | 2388 ||| STAIRDANCE
  2394 | D:4      | 2394 ||| STAIRDANCE
  2405 | D:4      | Reached skill level 8 in Ranged Weapons
  2466 | D:4      | HP: 4/25 [burnt (5)]
  2467 | D:4      | Incinerated by a bombardier beetle

Levels and vault maps discovered:
D:1:      evilmike_arrival_crescent, layout_loops_ring
D:2:      layout_basic, basic_altar
D:3:      minmay_skewed_foursquare, layout_loops_corners
D:4:      cheibrodos_fertilizer, layout_layer_cave, hangedman_decor_push,
          minmay_misc_feat_x

Skill      XL: |  1  2  3  4 |
---------------+-------------+-----
Ranged Weapons | 6 7 8 |  8.2
Fighting       | |  1.5
Dodging        | |  2.4
Stealth        | |  1.2

Action                     |  1- 3 |  4- 6 || total
---------------------------+-------+-------++-------
   Fire: Shortbow          |   101 |    45 ||   146
    Use: Scroll            |     7 |     1 ||     8
         Potion            |     1 |       ||     1
 Armour: Leather armour    |    13 |       ||    13
         Ring mail         |    15 |    11 ||    26
  Dodge: Dodged            |    41 |     9 ||    50

Table legend:
 A = Non-vault XP
 B = Vault XP
 C = Vault XP percentage of total XP
 D = Non-vault monster count
 E = Vault monster count
 F = Vault count percentage of total count
                 A         B        C        D         E       F
            +---------+---------+-------+---------+---------+-------
      Total |     172 |       6 |   3.4 |      40 |       3 |   7.0
            +---------+---------+-------+---------+---------+-------
        D:1 |      14 |       0 |   0.0 |       6 |       0 |   0.0
        D:2 |      30 |       0 |   0.0 |      10 |       0 |   0.0
        D:3 |      87 |       6 |   6.5 |      21 |       3 |  12.5
        D:4 |      41 |       0 |   0.0 |       3 |       0 |   0.0
            +---------+---------+-------+---------+---------+-------
